 Dungeon Sprint DCSS version 0.30.1-9-gdf580d7c3d (webtiles) character file.

Game seed: 16982992204995936861

130 Heoruswealwe the Spear-Bearer (level 4, -4/39 HPs)
             Began as a Minotaur Fighter on Sept 27, 2023.
             Killed from afar by an orc wizard (6 damage)
             ... with a magic dart
             ... in the Dungeon (Sprint IX: "|||||||||||||||||||||||||||||").
             The game lasted 00:01:11 (47 turns).

Heoruswealwe the Spear-Bearer (Minotaur Fighter)      Turns: 47, Time: 00:01:12

Health: -4/39      AC:  6    Str: 23    XL:     4   Next: 90%
Magic:  3/3        EV: 10    Int:  5    God:
Gold:   0          SH:  4    Dex:  9    Spells: 3/3 levels left

rFire   . . .        a - +0 trident
rCold   . . .        d - +0 buckler
rNeg    . . .        c - +0 scale mail
rPois   .            (helmet restricted)
rElec   .            (no cloak)
rCorr   .            (no gloves)
SInv    .            (no boots)
Will    .....        (no amulet) Stlth
                     (no ring)
HPRegen 0.26/turn    (no ring)
MPRegen 0.08/turn

%: no teleportation
@: no status effects
A: horns 2, retaliatory headbutt
a: no special abilities


You were in the Dungeon.
You visited 1 branch

Inventory:

Hand Weapons
 a - a +0 trident (weapon)
Armour
 c - a +0 scale mail (worn)
 d - a +0 buckler (worn)
Scrolls
 j - a scroll of blinking
Potions
 b - a potion of might
 g - a potion of haste
 i - a potion of berserk rage


   Skills:
 - Level 3.6 Fighting
 + Level 11.5 Polearms
 - Level 3.6 Armour
 + Level 2.3 Dodging
 - Level 3.6 Shields


You had 3 spell levels left.
You didn't know any spells.
Your spell library was empty.

Dungeon Overview and Level Annotations

Branches:
Dungeon (1/1)

Altars:


Innate Abilities, Weirdness & Mutations

You have a pair of horns on your head.
You reflexively headbutt those who attack you in melee.


Message History

The adder is severely wounded.
You block the adder's attack.
You puncture the adder!
You kill the adder!
Your Polearms skill increases to level 8!
You barely miss the black bear. You headbutt the black bear!
The black bear is moderately wounded.
The black bear bites you. The black bear claws you.
* * * LOW HITPOINT WARNING * * *
The black bear barely misses you.
You hit the black bear.
The black bear is heavily wounded.
You block the black bear's attack.
The black bear claws you but does no damage. x2
You puncture the black bear!
The black bear is severely wounded.
The black bear closely misses you. The black bear claws you.
* * * LOW HITPOINT WARNING * * *
The black bear claws you.
* * * LOW HITPOINT WARNING * * *
You feel better.
The black bear goes berserk!
You hit the black bear.
The black bear is almost dead.
The black bear bites you but does no damage.
The black bear claws you.
* * * LOW HITPOINT WARNING * * *
The black bear claws you.
* * * LOW HITPOINT WARNING * * *
You hit the black bear.
You kill the black bear!
Your Polearms skill gained 3 levels and is now at level 11!
Your Dodging skill gained 2 levels and is now at level 2!
You have reached level 4!
You feel stronger.
Reach: a) +0 trident
Press: ? - help, Dir - move target You reach to attack!
You miss something.
A magic dart appears from out of thin air!
The magic dart hits you.
You die...

▓.▓
▓!▓
▓.▓
▓'▓
▓.▓
▓.▓
▓.▓
▓.▓
▓@▓
▓†▓
▓{▓
▓l▓
▓.▓
▓.▓
▓.▓
▓+▓


You could see an iguana.

Vanquished Creatures
  A black bear (D)
  An iguana (D)
  An adder (D)
  A bat (D)
  2 hobgoblins (D)
  2 rats (D)
8 creatures vanquished.

Notes
Turn   | Place    | Note
-------+----------+-------------------------------------------
     0 | D        | Heoruswealwe the Minotaur Fighter began the quest for the
                  | Orb.
     0 | D        | Reached XP level 1. HP: 19/19 MP: 0/0
     6 | D        | Reached skill level 4 in Polearms
    25 | D        | Noticed an iguana
    25 | D        | Noticed a black bear
    25 | D        | Noticed an orc wizard
    25 | D        | Noticed an iguana
    31 | D        | Killed an iguana
    32 | D        | Reached skill level 7 in Polearms
    32 | D        | Reached XP level 2. HP: 11/26 MP: 1/1
    32 | D        | Reached XP level 3. HP: 14/31 MP: 2/2
    41 | D        | Reached skill level 8 in Polearms
    43 | D        | HP: 1/31 [black bear (4)]
    46 | D        | Killed a black bear
    47 | D        | Reached skill level 11 in Polearms
    47 | D        | Reached XP level 4. HP: 2/39 MP: 3/3
    47 | D        | Killed from afar by an orc wizard

Illustrated notes

Levels and vault maps discovered:
D:        linesprint [early_d, line_temple, items_1, d_10, items_2, lair_1,
          lair_end, items_3, orc_1, orc_end, items_4, d_15, swamp_1, shoals_1,
          snake_1, spider_1, d_20, vaults_1, items_5, swamp_end, shoals_end,
          snake_end, spider_end, vaults_end, d_27, items_6, zot_1, zot_end,
          crypt_end, forest_end, elf_end, slime_end, tomb_end, abyss_end,
          pan_hell_end]

Skill      XL: |  1  2  3 |
---------------+----------+-----
Polearms       | 7 11 | 11.5
Dodging        | 2 |  2.3
Fighting       | |  3.6
Armour         | |  3.6
Shields        | |  3.6

Action                     |  1- 3 |  4- 6 || total
---------------------------+-------+-------++-------
  Melee: Trident           |    28 |     1 ||    29
         Headbutt          |     3 |       ||     3
    Use: Potion            |     2 |       ||     2
 Armour: Scale mail        |    10 |       ||    10
  Dodge: Dodged            |    11 |       ||    11
  Block: Buckler           |     2 |       ||     2
